 Dungeon Crawl Stone Soup version 0.21.1-1-g345015fe64 (webtiles) character file.

279 Ivernyr the Charmwright (level 6, 41/47 HPs)
             Began as a Demonspawn Skald on Apr 27, 2018.
             Quit the game on level 4 of the Dungeon.
             The game lasted 00:06:35 (3125 turns).

Ivernyr the Charmwright (Demonspawn Skald)          Turns: 3125, Time: 00:06:36

Health: 41/47      AC:  4    Str: 11    XL:     6   Next: 5%
Magic:  9/9        EV: 12    Int: 15    God:
Gold:   222        SH:  0    Dex: 14    Spells: 5/9 levels left

rFire    . . .     SeeInvis .   a - +0 falchion
rCold    + . .     Gourm    .   (no shield)
rNeg     . . .     Faith    .   b - +0 leather armour
rPois    .         Spirit   .   (helmet restricted)
rElec    .         Reflect  .   (no cloak)
rCorr    .         Harm     .   (no gloves)
MR       .....                  i - +0 pair of boots
Stlth    +++.......             (no amulet)
HPRegen  0.15/turn              s - ring of protection from cold
MPRegen  0.11/turn              t - ring of stealth

@: no status effects
A: horns 2, nightstalker 1, spiny 1
a: no special abilities


You were on level 4 of the Dungeon.
You were very hungry.

You visited 1 branch of the dungeon, and saw 4 of its levels.

You collected 222 gold pieces.

Inventory:

Hand Weapons
 a - a +0 falchion (weapon)
Armour
 b - a +0 leather armour (worn)
 i - a +0 pair of boots (worn)
Jewellery
 s - a ring of protection from cold (left hand)
 t - a ring of stealth (right hand)
Wands
 m - a wand of digging (18)
Scrolls
 e - 2 scrolls of teleportation {unknown}
 h - a scroll of amnesia
 j - 4 scrolls of remove curse
 l - a scroll of fear {unknown}
 n - 3 scrolls of identify {unknown}
 p - 2 scrolls of enchant armour {unknown}
Potions
 f - 2 potions of heal wounds {unknown}
 g - 3 potions of curing {unknown}
 k - a potion of might {unknown}
 o - a potion of lignification {unknown}
 q - a potion of invisibility {unknown}
 r - 3 potions of magic {unknown}
Books
 c - a book of Battle

   Spells                             Type                      Level
   a - Infusion                       Charms                       1
   b - Shroud of Golubria             Charms/Translocation         2
   c - Song of Slaying                Charms                       2
   d - Spectral Weapon                Hexes/Charms                 3
   e - Regeneration                   Charms/Necromancy            3
Comestibles
 d - 8 rations


   Skills:
 + Level 3.3 Fighting
 + Level 2.9 Long Blades
 * Level 3.5 Armour
 - Level 1.7 Dodging
 - Level 2.0 Spellcasting
 + Level 3.6 Charms


You had 5 spell levels left.
You knew the following spells:

 Your Spells              Type           Power        Failure   Level  Hunger
a - Shroud of Golubria    Chrm/Tloc      #.........   21%         2    ###....
b - Song of Slaying       Chrm           ##......     10%         2    ###....


Dungeon Overview and Level Annotations

Branches:
Dungeon (4/15)
 Temple: D:4-7

Altars:
Hepliaklqana
Makhleb
Okawaru
Uskayaw


Innate Abilities, Weirdness & Mutations

You have a pair of horns on your head.
You are slightly more attuned to the shadows.
You are partially covered in sharp spines.


Message History

You barely miss the orc. Your headbutt misses the orc.
The orc is severely wounded.
The orc is struck by your spines.
You kill the orc!
You hit the orc wizard.
The orc wizard is moderately wounded.
The orc wizard casts a spell.
The orc wizard seems to speed up.
You slash the orc wizard! You headbutt the orc wizard.
The orc wizard is almost dead.
The orc wizard gestures at you while chanting.
The puff of frost misses you.
The orc wizard is struck by your spines.
You kill the orc wizard!
You have reached level 6!
Your experience leads to an increase in your attributes!
Increase (S)trength, (I)ntelligence, or (D)exterity?
You feel agile.
Your demonic ancestry asserts itself...
You slip into the darkness of the dungeon.
Are you sure you want to abandon this character and quit the game? (Confirm with "yes".)

#.......##.##. .
#.......(...( .#
.##.......##.# .#
..#..........# <#
#............. .#
.)........# .#
#.........# o#
.........########)#
#...............@)#
#....#####.######.#
#....# #.# #.#
#..<.# ##.## #.#
#...## #...#####.#
##..# #.........##
#..# #...####...#
#..# ##### #.#.#
#..# #.#.#


You could see an orc.

Vanquished Creatures
  A hound (D:2)
  An orc wizard (D:4)
  2 centaur skeletons (D:4)
  An iguana (D:4)
  A hound skeleton (D:2)
  5 adders
  An ooze (D:3)
  A worm (D:3)
  3 dart slugs
  3 leopard geckos
  2 orcs
  2 giant cockroaches
  6 goblins
  10 hobgoblins
  10 jackals
  5 kobolds
  A quokka (D:3)
  A ball python (D:2)
  5 bats
  5 frilled lizards
  6 rats
72 creatures vanquished.

Notes
Turn   | Place    | Note
-------+----------+-------------------------------------------
     0 | D:1      | Ivernyr the Demonspawn Skald began the quest for the Orb.
     0 | D:1      | Reached XP level 1. HP: 16/16 MP: 3/3
    12 | D:1      | Reached skill level 1 in Armour
   179 | D:1      | Gained mutation: You have a pair of small horns on your head. [demonic ancestry]
   179 | D:1      | Reached XP level 2. HP: 22/22 MP: 5/5
   584 | D:1      | Learned a level 2 spell: Song of Slaying
   587 | D:1      | Learned a level 2 spell: Shroud of Golubria
   813 | D:2      | Reached XP level 3. HP: 25/28 MP: 6/6
   888 | D:2      | Noticed a hand axe
   891 | D:2      | Noticed a hand axe
   899 | D:2      | Found a hide-covered altar of Uskayaw.
  1094 | D:2      | Gained mutation: You have a pair of horns on your head. [demonic ancestry]
  1094 | D:2      | Reached XP level 4. HP: 29/34 MP: 7/7
  1420 | D:2      | Found a burning altar of Makhleb.
  2097 | D:3      | Gained mutation: You are partially covered in sharp spines. [demonic ancestry]
  2097 | D:3      | Reached XP level 5. HP: 24/40 MP: 8/8
  2766 | D:3      | Found a hazy altar of Hepliaklqana.
  2829 | D:4      | Found an iron altar of Okawaru.
  3124 | D:4      | Gained mutation: You are slightly more attuned to the shadows. [demonic ancestry]
  3124 | D:4      | Reached XP level 6. HP: 41/47 MP: 9/9
  3125 | D:4      | Quit the game

Skill      XL: |  1  2  3  4  5 |
---------------+----------------+-----
Armour         | 1 2 3 |  3.5
Long Blades    | 2 |  2.9
Charms         | 3 |  3.6
Fighting       | 3 |  3.3
Dodging        | |  1.7
Spellcasting   | |  2.0

Action                   |  1- 3 |  4- 6 || total
-------------------------+-------+-------++-------
Melee: Falchion          |    95 |    99 ||   194
       Headbutt          |    18 |    18 ||    36
 Cast: Shroud of Golubri |     1 |     7 ||     8
       Song of Slaying   |     1 |     2 ||     3
  Use: Scroll            |     3 |     1 ||     4
 Stab: Sleeping          |       |     1 ||     1
  Eat: Chunk             |       |     7 ||     7
Armor: Leather armour    |    25 |    39 ||    64
Dodge: Dodged            |    68 |    65 ||   133
       Rpst.: Falchion   |    24 |    21 ||    45
